 Dungeon Crawl Stone Soup version 0.27.0-1-g7a089689b8 (webtiles) character file.

Game seed: 6761513337948985242

1955 SilentMoose the Fighter (level 8, -1/77 HPs)
             Began as a Minotaur Berserker on Aug 2, 2021.
             Was a Priest of Trog.
             Slain by Duvessa (3 damage)
             ... on level 6 of the Dungeon.
             The game lasted 00:20:43 (4905 turns).

SilentMoose the Fighter (Minotaur Berserker)        Turns: 4905, Time: 00:20:44

Health: -1/77      AC: 16    Str: 24    XL:     8   Next: 99%
Magic:  7/7        EV:  9    Int:  4    God:    Trog [***...]
Gold:   241        SH:  0    Dex: 16    Spells: 7/7 levels left

rFire    . . .     SeeInvis .   G - +0 dire flail (holy)
rCold    . . .     Faith    .   (shield currently unavailable)
rNeg     . . .     Spirit   .   f - +0 plate armour
rPois    .         Reflect  .   (helmet restricted)
rElec    .         Harm     +   (no cloak)
rCorr    +         Rampage  .   E - +0 pair of gloves "Xaviot" {Harm}
Will     ++...                  x - +0 pair of boots
Stlth    ..........             (no amulet)
HPRegen  1.22/turn              l - ring of resist corrosion
MPRegen  0.10/turn              F - +6 ring of dexterity

@: lethally poisoned (-1 -> -12), strong-willed, on berserk cooldown,
regenerating, slowed, very slow
A: horns 2, retaliatory headbutt
a: Renounce Religion, Berserk, Trog's Hand


You were on level 6 of the Dungeon.
You worshipped Trog.
Trog was most pleased with you.
You visited 1 branch of the dungeon, and saw 6 of its levels.

You collected 241 gold pieces.

Inventory:

Hand Weapons
 a - a +0 hand axe
 s - a +0 war axe
 G - a +0 dire flail of holy wrath (weapon)
Missiles
 k - 185 stones (quivered)
Armour
 b - a +0 animal skin
 f - a +0 plate armour (worn)
 x - a +0 pair of boots (worn)
 E - the +0 pair of gloves "Xaviot" (worn) {Harm}
   (You found it on level 6 of the Dungeon)

   Harm:      It increases damage dealt and taken.
Jewellery
 l - a ring of resist corrosion (left hand)
 F - a +6 ring of dexterity (right hand)
Wands
 D - a wand of acid (11)
Scrolls
 d - 2 scrolls of acquirement {unknown}
 g - 2 scrolls of torment {unknown}
 j - a scroll of teleportation {unknown}
 p - 2 scrolls of holy word {unknown}
 v - 2 scrolls of fog {unknown}
 y - a scroll of magic mapping {unknown}
 z - 2 scrolls of amnesia {unknown}
 A - a scroll of identify {unknown}
 B - 3 scrolls of enchant weapon {unknown}
Potions
 c - a potion of berserk rage
 e - a potion of lignification
 h - a potion of magic {unknown}
 i - 2 potions of might
 m - 2 potions of flight {unknown}
 n - 2 potions of heal wounds {unknown}
 o - 2 potions of attraction
 q - a potion of cancellation {unknown}
 r - 3 potions of ambrosia
 t - a potion of haste {unknown}
 u - a potion of curing {unknown}
 w - a potion of resistance
 C - 2 potions of degeneration {unknown}


   Skills:
 * Level 8.9 Fighting
 - Level 6.8 Axes
 * Level 0.0(4.1) Maces & Flails
 * Level 8.5 Armour
 + Level 5.4 Dodging
 - Level 0.1 Stealth


You had 7 spell levels left.
You didn't know any spells.
Your spell library was empty.

Dungeon Overview and Level Annotations

Branches:
Dungeon (6/15)
 Temple: D:4-7

Altars:
Cheibriados
Kikubaaqudgha
Vehumet
Wu Jian
Yredelemnul

Annotations:
D:6 Dowan, Duvessa


Innate Abilities, Weirdness & Mutations

You have a pair of horns on your head.
You reflexively headbutt those who attack you in melee.


Message History

You are poisoned.
Your plate armour prevents you from hitting Dowan.
You headbutt Dowan.
Dowan is moderately wounded.
You feel very sick. Dowan hits you but does no damage.
Duvessa hits you but does no damage.
You are more poisoned.
Dowan hits you with a +0 dagger. Duvessa hits you but does no damage.
You are more poisoned.
You barely miss Dowan. You headbutt Dowan.
Dowan is heavily wounded.
You feel extremely sick.
Dowan mumbles some strange words.
Dowan blinks!
Duvessa hits you but does no damage.
You are more poisoned.
You thump Duvessa! You headbutt Duvessa, but do no damage.
Duvessa is moderately wounded.
You feel extremely sick. Duvessa barely misses you.
Duvessa hits you but does no damage.
You are more poisoned.
You closely miss Duvessa. Your headbutt misses Duvessa.
Duvessa is moderately wounded.
You feel extremely sick.
Duvessa hits you with a +3 short sword of venom.
You are more poisoned.
Duvessa hits you but does no damage. Dowan hits you but does no damage.
Your skin crawls.
You feel strong-willed.
You feel extremely sick.
Duvessa hits you with a +3 short sword of venom!
* * * LOW HITPOINT WARNING * * *
You are lethally poisoned!
Dowan hits you with a +0 dagger.
* * * LOW HITPOINT WARNING * * *
You closely miss Dowan. Your headbutt misses Dowan.
Dowan is heavily wounded.
* * * LOW HITPOINT WARNING * * *
You feel extremely sick.
Duvessa hits you with a +3 short sword of venom.
You die...

...######## ..........#
...######.# ########
...######.# ##......##
...##.....###........##
<.....######..........#
....### #..........#
.##.## #....e.....#
.##..## #...e@.....#
.###..# #.........>#
.####.#######........##
..###................##
...#..................#
.....#####............#
...### ##...........#
#### ##.....[.....#
#### ####.(..........#


You could see Duvessa and Dowan.

Vanquished Creatures
  Sigmund (D:4)
  A wyvern (D:6)
  Eustachio (D:5)
  Edmund (D:6)
  2 water moccasins
  2 sky beasts
  A necrophage (D:6)
  An ogre (D:4)
  A phantom (D:5)
  2 scorpions
  A water moccasin skeleton (D:6)
  3 jellies
  2 bullfrog zombies
  4 hounds
  An iron imp (D:3)
  A bullfrog skeleton (D:5)
  A centaur skeleton (D:4)
  Jessica (D:3)
  3 iguanas
  8 adders
  An ufetubus (D:6)
  An adder zombie (D:5)
  4 dart slugs
  8 orcs
  8 ball pythons
  6 endoplasms
  A giant cockroach (D:2)
  4 goblins
  2 hobgoblins
  5 quokkas
  2 bats
  5 frilled lizards (D:2)
  4 kobolds
  3 rats
92 creatures vanquished.

Vanquished Creatures (others)
  6 demonic plants (D:2)
  A plant (D:2)
  4 withered plants (D:2)
11 creatures vanquished.

Grand Total: 103 creatures vanquished

Notes
Turn   | Place    | Note
-------+----------+-------------------------------------------
     0 | D:1      | SilentMoose the Minotaur Berserker began the quest for the
                  | Orb.
     0 | D:1      | Reached XP level 1. HP: 19/19 MP: 0/0
   458 | D:1      | Reached XP level 2. HP: 27/27 MP: 1/1
  1166 | D:2      | Reached ** piety under Trog
  1167 | D:2      | Reached XP level 3. HP: 28/33 MP: 2/2
  1323 | D:2      | Found a faded altar of an unknown god.
  1978 | D:3      | Noticed Jessica
  1983 | D:3      | Killed Jessica
  1984 | D:3      | Reached XP level 4. HP: 41/41 MP: 3/3
  2249 | D:3      | Found a snail-covered altar of Cheibriados.
  2417 | D:4      | Noticed a scorpion
  2422 | D:4      | Killed a scorpion
  2423 | D:4      | Reached skill level 5 in Fighting
  2423 | D:4      | Reached XP level 5. HP: 44/48 MP: 4/4
  2584 | D:4      | Found a basalt altar of Yredelemnul.
  2594 | D:4      | Reached XP level 6. HP: 52/56 MP: 5/5
  2654 | D:4      | Reached *** piety under Trog
  2869 | D:4      | Reached skill level 5 in Armour
  3039 | D:4      | Noticed Sigmund
  3048 | D:4      | Killed Sigmund
  3049 | D:4      | Reached skill level 5 in Axes
  3049 | D:4      | Reached XP level 7. HP: 64/64 MP: 6/6
  3156 | D:4      | Found a radiant altar of Vehumet.
  3362 | D:5      | Entered Level 5 of the Dungeon
  3980 | D:5      | Noticed Eustachio
  3987 | D:5      | Killed Eustachio
  3988 | D:5      | Reached XP level 8. HP: 73/73 MP: 7/7
  4042 | D:5      | Found an ancient bone altar of Kikubaaqudgha.
  4053 | D:5      | Found an ornate altar of the Wu Jian Council.
  4554 | D:6      | Reached skill level 5 in Dodging
  4659 | D:6      | Identified the +0 pair of gloves "Xaviot" {Harm}
  4875 | D:6      | Noticed Edmund
  4881 | D:6      | Killed Edmund
  4892 | D:6      | Noticed Dowan
  4896 | D:6      | Noticed Duvessa
  4905 | D:6      | HP: 2/77 [poisoned by Duvessa]
  4905 | D:6      | Slain by Duvessa

Illustrated notes

Levels and vault maps discovered:
D:1:      dpeg_arrival_connections, layout_loops_ring
D:2:      layout_basic, shapermc_ecumenical_altar_gd, minmay_lizard_pond
D:3:      layout_rooms, slow_altar_2, uniq_jessica
D:4:      layout_rooms, lemuel_coloured_pillars_altar,
          mainiacjoe_overflow_brackets, minmay_misc_feat_ornament, uniq_sigmund
D:5:      layout_basic, mainiacjoe_overflow_big_doors, interstate_on_off,
          uniq_eustachio
D:6:      layout_rooms, lemuel_temple_firewalk_a, uniq_duvessa, uniq_edmund

Skill      XL: |  1  2  3  4  5  6  7  8 |
---------------+-------------------------+-----
Armour         | 3 4 5 6 8 |  8.5
Fighting       | 4 5 6 7 8 |  8.9
Axes           | 4 5 6 |  6.8
Dodging        | 3 4 5 |  5.4
Stealth        | |  0.1

Action                   |  1- 3 |  4- 6 |  7- 9 || total
-------------------------+-------+-------+-------++-------
Melee: Hand axe          |   105 |       |       ||   105
       Headbutt          |    20 |    14 |    24 ||    58
       War axe           |     2 |    58 |    92 ||   152
       Dire flail        |       |       |     6 ||     6
Invok: Berserk           |     3 |     4 |     5 ||    12
       Trog's Hand       |       |       |     2 ||     2
  Use: Potion            |     4 |     1 |       ||     5
 Stab: Sleeping          |     1 |       |       ||     1
Armor: Plate armour      |    72 |    36 |    70 ||   178
Dodge: Dodged            |    25 |    26 |    42 ||    93
